 Dungeon Crawl Stone Soup version 0.26-a0-660-gc07710193c (webtiles) character file.

Game seed: 2819494950670470680

3278 jiml777 the Magician (level 10, -11/79 HPs)
             Began as a Gnoll Warper on Oct 5, 2020.
             Mangled by a small abomination (17 damage)
             ... on level 1 of the Abyss.
             The game lasted 00:25:58 (6788 turns).

jiml777 the Magician (Gnoll Warper)                 Turns: 6788, Time: 00:25:58

Health: -11/79     AC: 13    Str: 13    XL:     10   Next: 0%
Magic:  13/21      EV:  9    Int: 18    God:
Gold:   266        SH:  0    Dex: 16    Spells: 24/24 levels left

rFire    . . .     SeeInvis .   v - +3 hand axe (freeze)
rCold    . . .     Faith    .   (no shield)
rNeg     . . .     Spirit   .   c - +0 chain mail
rPois    +         Reflect  .   (no helmet)
rElec    .         Harm     .   (no cloak)
rCorr    .         Rampage  .   r - +2 pair of gloves
MR       .....                  (no boots)
Stlth    ..........             (no amulet)
HPRegen  0.23/turn              k - ring of poison resistance
MPRegen  0.17/turn              (no ring)

@: no status effects
A: distributed training, fangs 1, strong nose
a: no special abilities


You were on level 1 of the Abyss.
You visited 1 branch of the dungeon, and saw 6 of its levels.
You visited the Abyss 1 time.

You collected 266 gold pieces.

Inventory:

Hand Weapons
 a - a +0 hand axe
 h - a +1 short sword of speed
 i - a +2 dagger of electrocution
 n - a +0 hand axe
 o - a +0 trident of venom
 q - a +0 hunting sling of freezing
 v - a +3 hand axe of freezing (weapon)
 y - a +2 whip of flaming
Missiles
 e - 5 boomerangs of dispersal
 f - 116 arrows
 j - 8 javelins (quivered)
 l - 8 boomerangs
 m - 15 poisoned darts
 p - 24 bolts
 D - 20 sling bullets
Armour
 b - a +0 leather armour
 c - a +0 chain mail (worn)
 r - a +2 pair of gloves (worn)
 t - a +0 ring mail
 z - a +1 robe of magic resistance
Jewellery
 k - a ring of poison resistance (left hand)
Scrolls
 d - a scroll of blinking
 g - 3 scrolls of identify
 u - 3 scrolls of teleportation
Potions
 s - a potion of flight
 x - a potion of curing
 A - a potion of lignification
 C - a potion of berserk rage


   Skills:
 + Level 7.4 Fighting
 + Level 5.8 Short Blades
 + Level 5.8 Long Blades
 + Level 7.4 Axes
 + Level 5.8 Maces & Flails
 + Level 5.8 Polearms
 + Level 5.8 Staves
 + Level 5.8 Slings
 + Level 5.8 Bows
 + Level 5.8 Crossbows
 + Level 6.4 Throwing
 + Level 6.4 Armour
 + Level 7.4 Dodging
 + Level 5.8 Stealth
 + Level 5.8 Shields
 + Level 5.8 Unarmed Combat
 + Level 7.7 Spellcasting
 + Level 4.7 Conjurations
 + Level 4.7 Hexes
 + Level 4.7 Summonings
 + Level 4.7 Necromancy
 + Level 7.3 Translocations
 + Level 4.7 Transmutations
 + Level 4.7 Fire Magic
 + Level 4.7 Ice Magic
 + Level 4.7 Air Magic
 + Level 4.7 Earth Magic
 + Level 4.7 Poison Magic
 + Level 6.3 Invocations
 + Level 5.8 Evocations


You had 24 spell levels left.
You didn't know any spells.
Your spell library contained the following spells:

 Spells                   Type           Power        Failure   Level
 Blink                    Tloc           N/A          17%         2
 Foxfire                  Conj/Fire      ###.         32%         1
 Gell's Gravitas          Tloc           ####......   32%         3
 Lesser Beckoning         Tloc           ####......   32%         3
 Teleport Other           Tloc           ####....     32%         3
 Conjure Flame            Conj/Fire      ###.....     67%         3
 Inner Flame              Hex/Fire       ###.....     67%         3
 Passage of Golubria      Tloc           N/A          73%         4
 Sticky Flame             Conj/Fire      ###.....     97%         4
 Fireball                 Conj/Fire      ###.......   100%        5


Dungeon Overview and Level Annotations

Branches:
Dungeon (6/15)
 Temple: D:4-7

Altars:
Elyvilon
Kikubaaqudgha
Makhleb
Xom
Zin
The Shining One

Shops:
D:6 =


Innate Abilities, Weirdness & Mutations

Your experience applies equally to all skills.
You have very sharp teeth.
Your uncanny sense of smell can sniff out nearby items.


Message History

Your Necromancy skill increases to level 4!
Your Translocations skill increases to level 7!
Your Transmutations skill increases to level 4!
Your Fire Magic skill increases to level 4!
Your Ice Magic skill increases to level 4!
Your Air Magic skill increases to level 4!
Your Earth Magic skill increases to level 4!
Your Poison Magic skill increases to level 4!
Your Invocations skill gained 2 levels and is now at level 6!
Your Evocations skill gained 2 levels and is now at level 5!
You have reached level 10!
The small abomination misses you. x2
Okay, then.
Press: ? - help, Dir - move target cursor
As you read the scroll of blinking, it crumbles to dust.
A small abomination comes into view.
The small abomination closely misses you.
The small abomination hits you but does no damage.
The small abomination hits you!
You die...

. . . # .
.. .. . .
##.# ###
.. #.. .
#.# ...#
###
....#§#
...#.##.
.#(##
#...####(#
#@#.((#..#
#
##x.##.#.#
# .# ##..#
#. #..#
#.#......#
#. .##
#.#.#.#.#
. . ....
..# #. #
#.#.
.......#..
# ##..
....#.
##... . §
..####. #.
##.


You could see a small abomination.

Vanquished Creatures
  Pikel (D:5)
  An eye of draining (Abyss:1)
  A centaur (D:5)
  An ogre (D:5)
  2 small abominations (Abyss:1)
  2 bullfrogs (D:6)
  A scorpion (D:4)
  2 howler monkeys
  2 vampire bats (D:4)
  A centaur zombie (D:6)
  A bullfrog skeleton (D:5)
  A jelly (D:6)
  2 iguanas (D:4)
  An orc wizard (D:3)
  3 worker ants
  7 adders
  A shadow imp (D:6)
  A white imp (D:5)
  2 ufetubi
  An ooze (D:2)
  An adder skeleton (D:4)
  2 worms
  3 dart slugs
  4 leopard geckos
  12 orcs
  2 ball pythons
  9 bats
  A bat skeleton (D:4)
  3 bat zombies (D:4)
  7 giant cockroaches
  20 goblins
  12 hobgoblins
  8 jackals
  11 kobolds
  4 quokkas
  6 frilled lizards
  9 rats
148 creatures vanquished.

Vanquished Creatures (others)
  Robin (D:2)
  A hobgoblin (D:2)
  A plant (D:1)
3 creatures vanquished.

Grand Total: 151 creatures vanquished

Notes
Turn   | Place    | Note
-------+----------+-------------------------------------------
     0 | D:1      | jiml777 the Gnoll Warper began the quest for the Orb.
     0 | D:1      | Reached XP level 1. HP: 20/20 MP: 6/6
   288 | D:1      | Reached XP level 2. HP: 23/26 MP: 7/7
   633 | D:1      | Reached XP level 3. HP: 20/31 MP: 9/9
   833 | D:1      | Reached skill level 5 in Spellcasting
  1056 | D:1      | Reached skill level 1 in Invocations
  1348 | D:2      | Reached skill level 1 in Short Blades
  1348 | D:2      | Reached skill level 1 in Long Blades
  1348 | D:2      | Reached skill level 1 in Maces & Flails
  1348 | D:2      | Reached skill level 1 in Polearms
  1348 | D:2      | Reached skill level 1 in Staves
  1348 | D:2      | Reached skill level 1 in Slings
  1348 | D:2      | Reached skill level 1 in Bows
  1348 | D:2      | Reached skill level 1 in Crossbows
  1348 | D:2      | Reached skill level 1 in Stealth
  1348 | D:2      | Reached skill level 1 in Shields
  1348 | D:2      | Reached skill level 1 in Unarmed Combat
  1348 | D:2      | Reached skill level 1 in Evocations
  1351 | D:2      | Reached XP level 4. HP: 35/38 MP: 11/11
  1486 | D:2      | Reached skill level 1 in Conjurations
  1486 | D:2      | Reached skill level 1 in Hexes
  1486 | D:2      | Reached skill level 1 in Summonings
  1486 | D:2      | Reached skill level 1 in Necromancy
  1486 | D:2      | Reached skill level 1 in Transmutations
  1486 | D:2      | Reached skill level 1 in Fire Magic
  1486 | D:2      | Reached skill level 1 in Ice Magic
  1486 | D:2      | Reached skill level 1 in Air Magic
  1486 | D:2      | Reached skill level 1 in Earth Magic
  1486 | D:2      | Reached skill level 1 in Poison Magic
  1675 | D:2      | Reached XP level 5. HP: 40/43 MP: 12/12
  1687 | D:2      | Found a glowing silver altar of Zin.
  1687 | D:2      | Noticed Robin
  1714 | D:2      | Killed Robin
  2877 | D:3      | Reached XP level 6. HP: 50/50 MP: 13/13
  3317 | D:3      | Found a burning altar of Makhleb.
  3321 | D:3      | Found a shimmering altar of Xom.
  3324 | D:3      | Found a white marble altar of Elyvilon.
  3509 | D:4      | Reached skill level 5 in Fighting
  3509 | D:4      | Reached skill level 5 in Axes
  3509 | D:4      | Reached skill level 5 in Dodging
  3523 | D:4      | HP: 2/51 [iguana (2)]
  4447 | D:4      | Reached XP level 7. HP: 55/56 MP: 15/15
  4466 | D:4      | Found an ancient bone altar of Kikubaaqudgha.
  4574 | D:5      | Entered Level 5 of the Dungeon
  4631 | D:5      | Noticed Pikel
  4702 | D:5      | Killed Pikel
  4702 | D:5      | Reached XP level 8. HP: 29/63 MP: 16/16
  6127 | D:5      | Found a glowing golden altar of the Shining One.
  6414 | D:5      | You fall into a shaft and drop 1 floor!
  6414 | D:6      | Found Ublay's Jewellery Shop.
  6733 | D:6      | Cast into level 1 of the Abyss (orc wizard)
  6768 | Abyss:1  | HP: 2/64 [small abomination (13)]
  6782 | Abyss:1  | Reached XP level 9. HP: 4/69 MP: 11/18
  6783 | Abyss:1  | Reached skill level 5 in Short Blades
  6783 | Abyss:1  | Reached skill level 5 in Long Blades
  6783 | Abyss:1  | Reached skill level 5 in Maces & Flails
  6783 | Abyss:1  | Reached skill level 5 in Polearms
  6783 | Abyss:1  | Reached skill level 5 in Staves
  6783 | Abyss:1  | Reached skill level 5 in Slings
  6783 | Abyss:1  | Reached skill level 5 in Bows
  6783 | Abyss:1  | Reached skill level 5 in Crossbows
  6783 | Abyss:1  | Reached skill level 5 in Stealth
  6783 | Abyss:1  | Reached skill level 5 in Shields
  6783 | Abyss:1  | Reached skill level 5 in Unarmed Combat
  6783 | Abyss:1  | Reached skill level 5 in Evocations
  6783 | Abyss:1  | Reached XP level 10. HP: 5/79 MP: 12/21
  6788 | Abyss:1  | Mangled by a small abomination

Illustrated notes

Levels and vault maps discovered:
D:1:      dpeg_arrival_rhombi, layout_basic, serial_forest,
          infiniplex_forest_end_2, infiniplex_forest_lined_corner,
          infiniplex_forest_clump_curved, infiniplex_forest_clump_double,
          infiniplex_forest_lined_4_way, infiniplex_forest_straight_3,
          nrook_mini_backslash
D:2:      layout_loops_ring, nicolae_overflow_crystal_walls, uniq_robin
D:3:      layout_basic, minitemple, wander_ebering_terrifying_dragon_lair
D:4:      layout_loops_ring, kennysheep_vampire_church,
          chequers_serial_rivers_large_a
D:5:      layout_loops_cross, tso_altar, uniq_pikel
D:6:      layout_loops_cross, minmay_temple_entry_statues, serial_shops,
          nicolae_shop_trees, minmay_fire_ice_demons
Abyss:1:  base:
D:3

Skill      XL: |  1  2  3  4  5  6  7  8  9 |
---------------+----------------------------+-----
Spellcasting   | 5 6 7 |  7.7
Invocations    | 1 2 3 4 6 |  6.3
Short Blades   | 1 2 3 5 |  5.8
Long Blades    | 1 2 3 5 |  5.8
Maces & Flails | 1 2 3 5 |  5.8
Polearms       | 1 2 3 5 |  5.8
Staves         | 1 2 3 5 |  5.8
Slings         | 1 2 3 5 |  5.8
Bows           | 1 2 3 5 |  5.8
Crossbows      | 1 2 3 5 |  5.8
Stealth        | 1 2 3 5 |  5.8
Shields        | 1 2 3 5 |  5.8
Unarmed Combat | 1 2 3 5 |  5.8
Evocations     | 1 2 3 5 |  5.8
Conjurations   | 1 2 3 4 |  4.7
Hexes          | 1 2 3 4 |  4.7
Summonings     | 1 2 3 4 |  4.7
Necromancy     | 1 2 3 4 |  4.7
Transmutations | 1 2 3 4 |  4.7
Fire Magic     | 1 2 3 4 |  4.7
Ice Magic      | 1 2 3 4 |  4.7
Air Magic      | 1 2 3 4 |  4.7
Earth Magic    | 1 2 3 4 |  4.7
Poison Magic   | 1 2 3 4 |  4.7
Throwing       | 3 4 6 |  6.4
Armour         | 3 4 6 |  6.4
Fighting       | 5 6 7 |  7.4
Axes           | 5 6 7 |  7.4
Dodging        | 5 6 7 |  7.4
Translocations | 6 7 |  7.3

Action                   |  1- 3 |  4- 6 |  7- 9 | 10-12 || total
-------------------------+-------+-------+-------+-------++-------
Melee: Hand axe          |    42 |   306 |   211 |       ||   559
       Dagger            |    55 |    25 |       |       ||    80
       Short sword       |     9 |       |       |       ||     9
       Bite              |    10 |    25 |    26 |       ||    61
       Punch             |       |     1 |     1 |       ||     2
Throw: Javelin           |       |     2 |     6 |       ||     8
  Use: Scroll            |     1 |     5 |    13 |     1 ||    20
       Potion            |       |     1 |     2 |       ||     3
 Stab: Sleeping          |       |     5 |       |       ||     5
Armor: Leather armour    |    17 |    30 |       |       ||    47
       Ring mail         |       |    40 |       |       ||    40
       Chain mail        |       |    43 |   129 |     1 ||   173
Dodge: Dodged            |    75 |   248 |    92 |     3 ||   418

Table legend: (Time is in decaauts)
 A = Elapsed time spent in this place.
 B = Non-inter-level travel time spent in this place.
 C = Inter-level travel time spent in this place.
 D = Time resting spent in this place.
 E = Time spent auto-exploring this place.
 F = Levels seen in this place.
 G = Mean time per level.
                   A        B        C        D        E       F      G
               +--------+--------+--------+--------+--------+-----+--------+
         Total |   6811 |   6692 |    119 |   1982 |   2790 |   7 |  973.0 |
       Dungeon |   6754 |   6635 |    119 |   1982 |   2790 |   6 | 1125.7 |
         Abyss |     56 |     56 |      0 |      0 |      0 |   1 |   56.0 |
               +--------+--------+--------+--------+--------+-----+--------+

Top non-repeatable levels by time:
     D:5: 1843 daAuts
     D:1: 1242 daAuts
     D:3: 1176 daAuts
     D:4: 1133 daAuts
     D:2: 1039 daAuts
     D:6: 319 daAuts
 Abyss:1: 56 daAuts
